 Dungeon Crawl Stone Soup version 0.30.1-4-g462c640d31 (webtiles) character file.

Game seed: 1085231563713293054

1108 kingsuperguy the Cudgeller (level 8, -12/59 HPs)
             Began as a Demonspawn Gladiator on Aug 30, 2023.
             Was an Initiate of Wu Jian.
             Mangled by an ogre
             ... wielding a +0 giant spiked club
              (27 damage)
             ... on level 6 of the Dungeon.
             The game lasted 00:23:54 (6010 turns).

kingsuperguy the Cudgeller (Demonspawn Gladiator)   Turns: 6010, Time: 00:23:55

Health: -12/59     AC: 13    Str: 17    XL:     8   Next: 11%
Magic:  7/7        EV:  5    Int:  8    God:    Wu Jian [......]
Gold:   133        SH:  6    Dex: 14    Spells: 7/7 levels left

rFire   . . .        i - +2 trident (protect)
rCold   + . .        v - +2 buckler
rNeg    . . .        z - +0 plate armour
rPois   .            (no helmet)
rElec   .            (no cloak)
rCorr   .            (gloves unavailable)
SInv    .            (no boots)
Will    .....        (no amulet) Stlth
                     t - ring of protection from cold
HPRegen 0.29/turn    (no ring)
MPRegen 0.10/turn

%: no passive effects
@: very slow
A: claws 3, slimy green scales 1, powered by pain 1, dopey 1, low MP 1
a: Renounce Religion


You were on level 6 of the Dungeon.
You worshipped Wu Jian.
Wu Jian was noncommittal.
You visited 1 branch of the dungeon, and saw 6 of its levels.

You collected 289 gold pieces.
You spent 156 gold pieces at shops.

Inventory:

Hand Weapons
 a - a +0 trident
 i - a +2 trident of protection (weapon)
 j - a +4 whip
Missiles
 d - 2 throwing nets (quivered)
 e - a javelin
 A - 6 boomerangs
Armour
 b - a +0 leather armour
 c - a +0 helmet
 s - a +0 ring mail
 v - a +2 buckler (worn)
 z - a +0 plate armour (worn)
Jewellery
 t - a ring of protection from cold (left claw)
 x - a ring of resist corrosion
Scrolls
 f - a scroll of vulnerability {unknown}
 h - a scroll of summoning {unknown}
 l - 2 scrolls of magic mapping {unknown}
 m - 2 scrolls of immolation {unknown}
 o - 2 scrolls of amnesia {unknown}
 p - a scroll of enchant armour {unknown}
 q - 2 scrolls of fog
 r - 4 scrolls of teleportation {unknown}
 w - a scroll of fear {unknown}
 y - a scroll of identify {unknown}
Potions
 g - a potion of attraction
 k - a potion of curing
 n - a potion of berserk rage
 u - a potion of ambrosia
 B - 2 potions of magic {unknown}


   Skills:
 + Level 3.6 Fighting
 - Level 5.8 Maces & Flails
 - Level 3.1 Polearms
 + Level 1.9 Throwing
 + Level 3.7 Armour
 + Level 3.2 Dodging
 + Level 1.7 Stealth
 + Level 1.7 Shields
 * Level 0.6 Unarmed Combat


You had 7 spell levels left.
You didn't know any spells.
Your spell library contained the following spells:

 Spells                   Type           Power      Damage    Failure   Level
 Poisonous Vapours        Pois/Air       0%         N/A       100%        2
 Mephitic Cloud           Conj/Pois/Air  0%         N/A       100%        3
 Freezing Cloud           Conj/Ice/Air   0%         6-21      100%        5


Dungeon Overview and Level Annotations

Branches:
Dungeon (6/15)             Temple (0/1) D:6

Altars:
Hepliaklqana
Makhleb
Wu Jian
Xom

Shops:
D:5 :!


Innate Abilities, Weirdness & Mutations

You have claws for hands.
You are partially covered in slimy green scales. (AC +2)
You sometimes gain a little power by taking damage.
You are dopey. (Int -2)
Your magical capacity is low. (-10% MP)


Message History

Moving in this stuff is going to be slow.
The water moccasin bites you but does no damage.
The water moccasin bites you.
The water moccasin bites you but does no damage.
The water moccasin attacks as you move away!
The water moccasin bites you.
The water moccasin bites you but does no damage.
The water moccasin bites you.
You are poisoned.
The water moccasin poisons you!
You feel very sick.
The water moccasin bites you but does no damage. x2
Why would you want to do that?
The water moccasin attacks as you move away!
You block the water moccasin's attack.
You feel very sick.
The water moccasin bites you but does no damage.
The water moccasin bites you.
You are more poisoned.
The water moccasin poisons you!
The ogre hits you with a +0 giant spiked club!
* * * LOW HITPOINT WARNING * * *
Okay, then.
Okay, then.
You feel better. You block the water moccasin's attack.
The water moccasin bites you.
* * * LOW HITPOINT WARNING * * *
You are poisoned.
The water moccasin poisons you! The ogre barely misses you.
The water moccasin barely misses you.
* * * LOW HITPOINT WARNING * * *
You feel very sick. The water moccasin bites you.
* * * LOW HITPOINT WARNING * * *
You are more poisoned.
The water moccasin poisons you! The water moccasin barely misses you.
You feel better.
The water moccasin bites you but does no damage.
The ogre hits you with a +0 giant spiked club!!
You die...

# ###### ..# #~oo~#
.... #~≈≈o##
.....###o≈≈SO#
..o....#o~≈≈@##
....o...#~≈≈~~#
.......##~~≈≈~#
o..o... ##~≈≈~## ..
......# #~≈≈~~# ..
.....# #~~≈≈~#
###+### ... ....#
##.~≈≈~## #.....#....
..#.
#..~≈≈~.###.⌠.⌠.#....
.##
#..~≈≈~...'..>..'....


You could see an orc warrior, a water moccasin, an ogre and 4 orcs.

Vanquished Creatures
  An ice beast (D:5)
  3 ogres
  A centaur (D:4)
  2 phantoms (D:5)
  3 scorpions
  A crimson imp (D:3)
  A jelly (D:5)
  An orc priest (D:4)
  3 iguanas
  Natasha (thrice) (D:4)
  An orc wizard (D:5)
  3 adders
  A white imp (D:5)
  A dart slug (D:2)
  3 orcs (D:4)
  4 bats
  5 endoplasms
  9 giant cockroaches
  4 hobgoblins (D:1)
  8 kobolds
  7 ball pythons
  4 frilled lizards
  2 goblins (D:2)
  5 rats
76 creatures vanquished.

Notes
Turn   | Place    | Note
-------+----------+-------------------------------------------
     0 | D:1      | kingsuperguy the Demonspawn Gladiator began the quest for
                  | the Orb.
     0 | D:1      | Reached XP level 1. HP: 16/16 MP: 1/1
   114 | D:1      | Gained mutation: You are partially covered in slimy green
                  | scales. (AC +2) [demonic ancestry]
   114 | D:1      | Reached XP level 2. HP: 22/22 MP: 2/2
   875 | D:2      | Found a faded altar of an unknown god.
   918 | D:2      | Gained mutation: You sometimes gain a little power by
                  | taking damage. [demonic ancestry]
   918 | D:2      | Reached XP level 3. HP: 27/27 MP: 3/3
  1340 | D:2      | Reached skill level 1 in Armour
  1425 | D:2      | Reached skill level 1 in Maces & Flails
  1797 | D:3      | Found a hazy altar of Hepliaklqana.
  2077 | D:3      | Reached XP level 4. HP: 29/34 MP: 4/4
  2109 | D:3      | Found an ornate altar of the Wu Jian Council.
  2253 | D:3      | Found a shimmering altar of Xom.
  2253 | D:3      | Found a burning altar of Makhleb.
  2486 | D:3      | Became a worshipper of the Wu Jian Council
  2629 | D:4      | Noticed a centaur
  2704 | D:4      | Reached skill level 2 in Maces & Flails
  2824 | D:4      | Gained mutation: You have sharp fingernails. [demonic
                  | ancestry]
  2824 | D:4      | Reached XP level 5. HP: 22/39 MP: 5/5
  2889 | D:4      | Killed a centaur
  2890 | D:4      | Reached skill level 3 in Maces & Flails
  2989 | D:4      | Reached skill level 1 in Stealth
  3190 | D:4      | Noticed Natasha
  3195 | D:4      | Killed Natasha
  3261 | D:4      | Gained mutation: You have very sharp fingernails. [demonic
                  | ancestry]
  3261 | D:4      | Reached XP level 6. HP: 27/46 MP: 6/6
  3483 | D:4      | Noticed Natasha
  3493 | D:4      | Killed Natasha
  3545 | D:4      | Noticed Natasha
  3561 | D:4      | Killed Natasha
  3719 | D:5      | Entered Level 5 of the Dungeon
  3799 | D:5      | Reached skill level 1 in Shields
  3804 | D:5      | Reached skill level 4 in Maces & Flails
  4277 | D:4      | Reached XP level 7. HP: 25/51 MP: 7/7
  4566 | D:5      | Gained mutation: You have a pair of small horns on your
                  | head. [potion of mutation]
  4566 | D:5      | Gained mutation: You have very sharp teeth. [potion of
                  | mutation]
  4566 | D:5      | Gained mutation: You are clumsy. (Dex -2) [potion of
                  | mutation]
  4567 | D:5      | Lost mutation: You have very sharp teeth. [potion of
                  | mutation]
  4567 | D:5      | Lost mutation: You have a pair of small horns on your head.
                  | [potion of mutation]
  4567 | D:5      | Lost mutation: You are clumsy. (Dex -2) [potion of
                  | mutation]
  4567 | D:5      | Gained mutation: Your magical capacity is low. (-10% MP)
                  | [potion of mutation]
  4567 | D:5      | Gained mutation: You are dopey. (Int -2) [potion of
                  | mutation]
  4935 | D:5      | Reached skill level 5 in Maces & Flails
  5363 | D:5      | Gained mutation: You have claws for hands. [demonic
                  | ancestry]
  5363 | D:5      | Reached XP level 8. HP: 48/58 MP: 7/7
  5422 | D:5      | Found Alutoats's Distillery.
  5423 | D:5      | Found Xephacsi's Book Shoppe.
  5457 | D:5      | Bought a potion of berserk rage for 60 gold pieces
  5457 | D:5      | Bought a potion of ambrosia for 96 gold pieces
  5940 | D:6      | Found a staircase to the Ecumenical Temple.
  6010 | D:6      | Mangled by an ogre

Illustrated notes

Levels and vault maps discovered:
D:1:      eino_arrival_water_cross, layout_basic
D:2:      layout_basic, ebering_ecumenical_altar_abandoned,
          minmay_worlds_worst_comb
D:3:      layout_loops_ring, grunt_temple_overflow_champion_of_chaos,
          nicolae_hepliaklqana_hazy_memory, nicolae_wu_jian_glorious_leap,
          nicolae_elevator_lobby_plus
D:4:      layout_loops_cross, uniq_natasha
D:5:      layout_cave_pods, kennysheep_flooded_box, nicolae_wooded_promenade
D:6:      wander_river, layout_cave_pods, minmay_temple_entry_hall, hex_tiny

Skill      XL: |  1  2  3  4  5  6  7 |
---------------+----------------------+-----
Polearms       | 3 |  3.1
Dodging        | 3 |  3.2
Armour         | 1 2 3 |  3.7
Maces & Flails | 1 2 3 4 5 |  5.8
Stealth        | 1 |  1.7
Shields        | 1 |  1.7
Fighting       | 3 |  3.6
Throwing       | |  1.9
Unarmed Combat | |  0.6

Action                     |  1- 3 |  4- 6 |  7- 9 || total
---------------------------+-------+-------+-------++-------
  Melee: Trident           |    40 |       |    67 ||   107
         Whip              |    72 |   143 |    16 ||   231
         Punch             |     2 |       |       ||     2
         Unarmed           |       |       |     5 ||     5
  Throw: Throwing net      |       |     1 |     1 ||     2
Ability: Lunge             |       |     6 |     5 ||    11
    Use: Scroll            |     1 |     2 |       ||     3
         Potion            |       |     4 |     4 ||     8
   Stab: Sleeping          |     3 |       |       ||     3
         Held in net/web   |       |     1 |     1 ||     2
 Armour: Leather armour    |    18 |       |       ||    18
         Ring mail         |    11 |       |       ||    11
         Plate armour      |     6 |    69 |    49 ||   124
         Skin              |       |     1 |       ||     1
  Dodge: Dodged            |    62 |    32 |    24 ||   118
  Block: Buckler           |     5 |    44 |    20 ||    69
